 Dungeon Crawl Stone Soup version 0.29.1-13-g9f3cf754e1 (webtiles) character file.

Game seed: 11120120907225927286

3938 SilverX5502 the Protected (level 10, -5/91 HPs)
             Began as a Minotaur Fighter on Feb 10, 2023.
             Slain by a gnoll sergeant
             ... wielding a +6 trident of venom
              (9 damage)
             ... on level 8 of the Dungeon.
             The game lasted 00:26:22 (7989 turns).

SilverX5502 the Protected (Minotaur Fighter)        Turns: 7989, Time: 00:26:23

Health: -5/91      AC: 12    Str: 24    XL:     10   Next: 1%
Magic:  9/9        EV:  9    Int:  5    God:
Gold:   329        SH:  7    Dex: 17    Spells: 9/9 levels left

rFire   . . .      SeeInvis .   a - +0 war axe
rCold   . . .      Faith    .   c - +0 buckler
rNeg    . . .      Spirit   .   d - +1 scale mail {Will+}
rPois   .          Reflect  .   (helmet restricted)
rElec   .          Harm     .   B - +0 cloak
rCorr   .          Rampage  .   f - +0 pair of gloves
Will    +....                   (no boots)
Stlth   ..........              (no amulet)
HPRegen 0.25/turn               l - +6 ring of dexterity
MPRegen 0.11/turn               (no ring)

@: lethally poisoned (-5 -> -20)
A: horns 2, retaliatory headbutt
a: no special abilities


You were on level 8 of the Dungeon.
You visited 1 branch of the dungeon, and saw 8 of its levels.

You collected 329 gold pieces.

Inventory:

Hand Weapons
 a - a +0 war axe (weapon)
Missiles
 o - 38 stones (quivered)
 q - 2 boomerangs of dispersal
 v - a throwing net
Armour
 c - a +0 buckler (worn)
 d - a +1 scale mail of willpower (worn)
 f - a +0 pair of gloves (worn)
 B - a +0 cloak (worn)
Jewellery
 k - a ring of magical power
 l - a +6 ring of dexterity (left hand)
 s - a ring of ice
 z - a ring of poison resistance
Wands
 A - a wand of mindburst (10)
 D - a wand of digging (6)
Scrolls
 e - 2 scrolls of enchant armour {unknown}
 g - a scroll of amnesia {unknown}
 i - 3 scrolls of identify
 t - a scroll of vulnerability {unknown}
 u - a scroll of fog
 w - a scroll of blinking {unknown}
 x - 3 scrolls of immolation
 y - 3 scrolls of noise {unknown}
 C - a scroll of teleportation {unknown}
 E - a scroll of poison {unknown}
Potions
 b - 3 potions of lignification
 h - a potion of ambrosia
 m - a potion of degeneration
 n - 3 potions of haste
 p - 2 potions of brilliance


   Skills:
 + Level 9.4 Fighting
 + Level 9.0 Axes
 + Level 9.4 Armour
 + Level 9.4 Shields


You had 9 spell levels left.
You didn't know any spells.
Your spell library contained the following spells:

 Spells                   Type           Power      Damage    Failure   Level
 Apportation              Tloc           0%         N/A       80%         1
 Necrotise                Necr           0%         1d4       80%         1
 Summon Small Mammal      Summ           0%         N/A       80%         1
 Dazzling Flash           Conj/Hex       0%         N/A       99%         3
 Stone Arrow              Conj/Erth      0%         3d7       99%         3
 Animate Armour           Summ/Erth      0%         N/A       100%        4
 Iskenderun's Mystic Bla  Conj/Tloc      0%         2d3       100%        4
 Blade Hands              Tmut           0%         N/A       100%        5
 Irradiate                Conj/Tmut      0%         3d11      100%        5
 Starburst                Conj/Fire      0%         6d3       100%        6
 Dragon Form              Tmut           0%         N/A       100%        7
 Lehudib's Crystal Spear  Conj/Erth      0%         10d2      100%        8


Dungeon Overview and Level Annotations

Branches:
Dungeon (8/15)             Temple (0/1) D:7
   Lair: D:8-11

Altars:
Cheibriados
Fedhas
Kikubaaqudgha
Sif Muna
Vehumet
Wu Jian
Zin
The Shining One

Shops:
D:6 (


Innate Abilities, Weirdness & Mutations

You have a pair of horns on your head.
You reflexively headbutt those who attack you in melee.


Message History

You block the gnoll sergeant's attack.
The gnoll sergeant completely misses you.
Things that are here:
a +0 whip; a +0 short sword; a curare-tipped dart The gnoll sergeant blocks your attack.
The gnoll sergeant hits you with a +6 trident of venom!
You are poisoned.
The gnoll sergeant hits you with a +6 trident of venom!
You are more poisoned.
You slash the gnoll sergeant!
The gnoll sergeant is moderately wounded.
You feel yourself speed up.
You feel extremely sick. The gnoll sergeant closely misses you.
You block the gnoll sergeant's attack. The gnoll sergeant blocks your attack.
The gnoll sergeant is moderately wounded.
You feel very sick. You block the gnoll sergeant's attack.
Unknown command.
You hit the gnoll sergeant.
The gnoll sergeant is heavily wounded.
You feel very sick.
The gnoll sergeant hits you with a +6 trident of venom!
* * * LOW HITPOINT WARNING * * *
You hit the gnoll sergeant but do no damage.
You headbutt the gnoll sergeant.
The gnoll sergeant is heavily wounded.
You feel very sick.
The gnoll sergeant hits you with a +6 trident of venom!
* * * LOW HITPOINT WARNING * * *
You are more poisoned.
Sorry, you're not good enough to have a special ability.
Okay, then.
Okay, then.
As you read the scroll labelled POULI ZUNIUM, it crumbles to dust.
The scroll dissolves into smoke.
It was a scroll of fog.
* * * LOW HITPOINT WARNING * * *
You feel very sick.
The gnoll sergeant hits you with a +6 trident of venom!
You die...

#....$.......#
#. #.#
######g.###.#.#
.. #.#
.......g.(....#
## #.#
#######K#######
#####<# #K# ###
#.....# #K# #.#
####### #.# #.#
#.#######§#
#..ggKg@§§#
###########


You could see a gnoll sergeant and a kobold.

Vanquished Creatures
  An ugly thing (D:7)
  Prince Ribbit (D:5)
  A slime creature (D:7)
  A basilisk (D:7)
  Edmund (D:5)
  The ghost of Midpoint the Cutter, an amateur KoCA of Ignis (D:5)
  A water moccasin (D:7)
  An ice beast (D:7)
  An orc warrior (D:7)
  3 black bears
  5 sky beasts (D:7)
  An ogre (D:5)
  A phantom (D:6)
  2 kobold brigands
  A gnoll sergeant (D:7)
  4 scorpions
  A necrophage (D:5)
  3 bullfrogs
  A wight (D:7)
  6 hounds
  Crazy Yiuf (D:5)
  5 orc priests
  2 gnoll boudas (D:7)
  4 iguanas
  Natasha (thrice) (D:4)
  3 orc wizards
  A mummy (D:7)
  4 gnolls (D:5)
  7 adders
  2 shadow imps
  2 white imps
  2 worms (D:4)
  3 dart slugs
  19 orcs
  8 endoplasms
  3 giant cockroaches
  6 goblins
  6 hobgoblins
  3 jackals (D:4)
  6 quokkas
  5 ball pythons
  7 bats
  3 frilled lizards
  9 kobolds
  3 rats
  A butterfly (D:7)
155 creatures vanquished.

Vanquished Creatures (others)
  An orc wizard (D:4)
  A plant (D:6)
2 creatures vanquished.

Grand Total: 157 creatures vanquished

Notes
Turn   | Place    | Note
-------+----------+-------------------------------------------
     0 | D:1      | SilverX5502 the Minotaur Fighter began the quest for the
                  | Orb.
     0 | D:1      | Reached XP level 1. HP: 19/19 MP: 0/0
   132 | D:1      | Reached XP level 2. HP: 23/27 MP: 1/1
   349 | D:1      | Found a faded altar of an unknown god.
   666 | D:2      | Reached XP level 3. HP: 33/33 MP: 2/2
   882 | D:2      | Reached XP level 4. HP: 17/41 MP: 3/3
  1284 | D:2      | Reached XP level 5. HP: 47/47 MP: 4/4
  1763 | D:3      | Found an ornate altar of the Wu Jian Council.
  1779 | D:3      | Found a blossoming altar of Fedhas.
  2040 | D:4      | Reached skill level 5 in Fighting
  2040 | D:4      | Reached skill level 5 in Shields
  2048 | D:4      | Reached skill level 5 in Armour
  2135 | D:4      | Reached XP level 6. HP: 35/56 MP: 5/5
  2281 | D:5      | Entered Level 5 of the Dungeon
  2624 | D:4      | Found a shimmering blue altar of Sif Muna.
  2780 | D:4      | Noticed Natasha
  2796 | D:4      | Killed Natasha
  2909 | D:4      | Noticed Natasha
  2920 | D:4      | Killed Natasha
  2921 | D:4      | Reached skill level 5 in Axes
  2921 | D:4      | Reached XP level 7. HP: 45/62 MP: 6/6
  3114 | D:4      | Noticed Natasha
  3119 | D:4      | Killed Natasha
  3351 | D:4      | Found an ancient bone altar of Kikubaaqudgha.
  3664 | D:5      | Noticed Prince Ribbit
  3686 | D:5      | Killed Prince Ribbit
  4075 | D:5      | Found a glowing golden altar of the Shining One.
  4085 | D:5      | Found a radiant altar of Vehumet.
  4098 | D:5      | Found a glowing silver altar of Zin.
  4173 | D:5      | Noticed Edmund
  4187 | D:5      | Killed Edmund
  4188 | D:5      | Reached XP level 8. HP: 45/71 MP: 7/7
  4338 | D:5      | Found a runed translucent gate.
  4339 | D:5      | Found a runed translucent gate.
  4339 | D:5      | Noticed Midpoint's ghost (amateur KoCA)
  4340 | D:5      | Found a runed translucent gate.
  4847 | D:5      | Found a runed translucent door.
  4848 | D:5      | Noticed Crazy Yiuf
  4854 | D:5      | Killed Crazy Yiuf
  5060 | D:5      | Killed Midpoint's ghost
  5398 | D:6      | Found Qemure's Hydra Hut.
  5399 | D:6      | Noticed an eight-headed hydra
  5824 | D:7      | Reached XP level 9. HP: 38/81 MP: 8/8
  6829 | D:7      | Found a snail-covered altar of Cheibriados.
  6959 | D:7      | Noticed a purple ugly thing
  6968 | D:7      | Killed a purple ugly thing
  7901 | D:7      | Found a staircase to the Ecumenical Temple.
  7982 | D:8      | Reached XP level 10. HP: 65/91 MP: 9/9
  7989 | D:8      | HP: 4/91 [poisoned by a gnoll sergeant]
  7989 | D:8      | Slain by a gnoll sergeant

Illustrated notes

Levels and vault maps discovered:
D:1:      spicycebolla_arrival_transporter_tutorial, layout_basic,
          shapermc_ecumenical_altar_petra, minmay_misc_feat_secret_circle
D:2:      layout_loops_ring
D:3:      layout_rooms, minitemple
D:4:      layout_basic, mainiacjoe_overflow_alcove_1, led_sif_book,
          kennysheep_generic_room_14, uniq_natasha
D:5:      layout_loops_ring, minmay_overflow_temple_star_quad,
          gammafunk_ghost_split, corner_web_ring, uniq_crazy_yiuf_cottage,
          uniq_edmund, uniq_prince_ribbit1
D:6:      layout_loops_cross, doesnt_shop_hydraphobe
D:7:      nzn_winding_woodlands_medium [nzn_winding_woodlands_5x5_default,
          nzn_winding_woodlands_5x15_jagged,
          nzn_winding_woodlands_5x5_open_star,
          nzn_winding_woodlands_5x5_perimeter,
          nzn_winding_woodlands_center_diamonds,
          nzn_winding_woodlands_5x5_closed_star,
          nzn_winding_woodlands_5x5_cross, nzn_winding_woodlands_5x15_eye,
          nzn_winding_woodlands_5x5_three], layout_layer_cave, slow_altar_2,
          minmay_temple_entry_butterflies
D:8:      cheibrodos_helix_gallery, layout_loops_ring, elyvilon_altar_1,
          nicolae_uskayaw_dance_studio, lemuel_round_altar,
          nicolae_ossuary_entry_giza

Skill      XL: |  1  2  3  4  5  6  7  8  9 |
---------------+----------------------------+-----
Fighting       | 4 5 6 7 9 |  9.4
Armour         | 4 5 6 7 9 |  9.4
Shields        | 4 5 6 8 9 |  9.4
Axes           | 3 4 5 6 7 9 |  9.0

Action                   |  1- 3 |  4- 6 |  7- 9 | 10-12 || total
-------------------------+-------+-------+-------+-------++-------
Melee: War axe           |    69 |   125 |   279 |     6 ||   479
       Headbutt          |    10 |    19 |    70 |     1 ||   100
Throw: Stone             |       |     5 |       |       ||     5
  Use: Scroll            |       |       |     7 |     1 ||     8
       Potion            |       |       |     5 |       ||     5
Armor: Scale mail        |    33 |    22 |    40 |       ||    95
       Chain mail        |       |    44 |   123 |       ||   167
Dodge: Dodged            |    26 |    41 |    96 |     2 ||   165
Block: Buckler           |    18 |    39 |    79 |     3 ||   139
